 Dungeon Crawl Stone Soup version 0.30.0-29-ga12c61a403 (webtiles) character file.

Game seed: 12440778186658094621

1325 Bamboolord the Shooter (level 8, -1/60 HPs)
             Began as a Formicid Hexslinger on June 6, 2023.
             Slain by an ice beast (11 damage)
             ... on level 5 of the Dungeon.
             The game lasted 00:15:29 (6296 turns).

Bamboolord the Shooter (Formicid Hexslinger)        Turns: 6296, Time: 00:15:30

Health: -1/60      AC:  6    Str: 14    XL:     8   Next: 91%
Magic:  11/13      EV: 13    Int: 16    God:
Gold:   295        SH:  0    Dex: 14    Spells: 6/13 levels left

rFire   . . .        a - +1 sling
rCold   . . .        (no shield)
rNeg    . . .        w - +2 robe of the Arcane {Will+}
rPois   .            (helmet unavailable)
rElec   .            (no cloak)
rCorr   .            m - +1 pair of gloves
SInv    +            (no boots)
Will    +....        (no amulet)
Stlth   +            (no ring)
HPRegen 0.30/turn    (no ring)
MPRegen 0.13/turn

%: no passive effects
@: no status effects
A: permanent stasis, dig shafts and tunnels, antennae 3, four strong arms
a: Dig, Shaft Self


You were on level 5 of the Dungeon.
You visited 2 branches of the dungeon, and saw 7 of its levels.

You collected 295 gold pieces.

Inventory:

Hand Weapons
 a - a +1 sling (weapon)
Armour
 m - a +1 pair of gloves (worn)
 w - the +2 robe of the Arcane (worn) {Will+}
   (You found it on level 3 of the Dungeon)

   Will:      It increases your willpower.
Jewellery
 h - a ring of fire
Wands
 j - a wand of paralysis (8)
 p - a wand of flame (24)
Scrolls
 b - a scroll of poison
 e - a scroll of magic mapping
 i - a scroll of butterflies {unknown}
 l - 2 scrolls of noise
 s - 2 scrolls of fog
 v - a scroll of amnesia {unknown}
Potions
 c - a potion of attraction {unknown}
 d - a potion of haste
 g - 2 potions of lignification
 k - 2 potions of might
 n - a potion of magic {unknown}
 o - 2 potions of cancellation {unknown}
 q - a potion of ambrosia {unknown}
 r - a potion of degeneration {unknown}
 u - a potion of curing {unknown}


   Skills:
 * Level 3.7 Fighting
 * Level 6.8 Ranged Weapons
 * Level 3.2 Dodging
 * Level 3.3 Spellcasting
 * Level 5.6 Hexes
 * Level 2.0 Translocations
 * Level 2.7 Fire Magic


You had 6 spell levels left.
You knew the following spells:

 Your Spells              Type           Power      Damage    Failure   Level
a - Slow                  Hex            80%        N/A       1%          1
b - Inner Flame           Hex/Fire       16%        N/A       10%         3
c - Portal Projectile     Hex/Tloc       30%        N/A       11%         3

Your spell library contained the following spells:

 Spells                   Type           Power      Damage    Failure   Level
 Cause Fear               Hex            10%        N/A       19%         4
 Manifold Assault         Tloc           9%         N/A       61%         4
 Yara's Violent Unravell  Hex/Tmut       5%         3d4       85%         5
 Enfeeble                 Hex            10%        N/A       100%        7
 Storm Form               Tmut/Air       1%         N/A       100%        7
 Blink                    Tloc           Unusable   N/A       N/A         2

Dungeon Overview and Level Annotations

Branches:
Dungeon (6/15)             Temple (1/1) D:4

Altars:
Ashenzari
Cheibriados
Dithmenos
Elyvilon
Fedhas
Gozag
Hepliaklqana
Makhleb
Nemelex Xobeh
Okawaru
Qazlal
Ru
Sif Muna
Trog
Uskayaw
Vehumet
Xom
Yredelemnul
Zin
The Shining One

Annotations:
D:6 Dowan, Duvessa


Innate Abilities, Weirdness & Mutations

You cannot be hasted, slowed, berserked, paralysed or teleported.
You can dig through walls and to a lower floor.
You have a pair of large antennae on your head. (SInv)
Your four strong arms can wield two-handed weapons with a shield.


Message History

Aim: an ice beast (severely wounded, 62% to hit)
You shoot a sling bullet. The sling bullet hits the ice beast.
The ice beast is severely wounded.
The bullfrog is no longer moving slowly.
The bullfrog hits you.
* * * LOW HITPOINT WARNING * * *
The ice beast hits you but does no damage.
Fire: a) +1 sling
Press: ? - help, Shift-Dir - straight line, f/p - ice beast
Aim: an ice beast (severely wounded, 62% to hit)
You shoot a sling bullet.
The sling bullet hits the ice beast but does no damage.
The ice beast is severely wounded.
The bullfrog hits you.
* * * LOW HITPOINT WARNING * * *
The ice beast closely misses you. The bullfrog barely misses you.
Unknown command.
Fire: a) +1 sling
Press: ? - help, Shift-Dir - straight line, f/p - ice beast
Aim: an ice beast (severely wounded, 62% to hit)
You shoot a sling bullet.
The sling bullet barely misses the ice beast.
The bullfrog hits you.
* * * LOW HITPOINT WARNING * * *
The ice beast hits you but does no damage.
Aiming: Paralyse
Press: ? - help, Shift-Dir - straight line, f - bullfrog, p - ice beast
Aim: a bullfrog (moderately wounded, chance to affect: 49%)
The bullfrog suddenly stops moving!
The ice beast barely misses you.
Unknown command.
You shoot a sling bullet.
The sling bullet barely misses the ice beast.
The ice beast hits you but does no damage.
You shoot a sling bullet.
The sling bullet hits the ice beast but does no damage.
The ice beast is severely wounded.
The ice beast hits you.
* * * LOW HITPOINT WARNING * * *
The ice beast freezes you!
You die...

####..............# #..........
..###.##..........######.........
.........#.........##...)........
.........#....................##.
............#.................#..
......##.#..##...............#...
......####..#....................
......#.#...#....................
........>#......@.....?#.........
.........#.....FY.....###.....(.#
...................#..##..###...#
#.........#........#.......######
##........##.....#...........##
##...##..#......#...##.#.....#
##..#.....##..........#.....#
#.............#.......<.####
##............###.#......#


You could see an ice beast and a bullfrog (paralysed).

Vanquished Creatures
  Sigmund (D:3)
  2 ice beasts
  An orc warrior (D:4)
  2 ogres (D:5)
  A phantom (D:5)
  Blork the orc (D:5)
  3 scorpions (D:4)
  3 hounds (D:5)
  2 orc priests (D:5)
  An iguana (D:5)
  2 orc wizards
  5 adders
  A shadow imp (D:4)
  A white imp (D:4)
  An ufetubus (D:4)
  A worm (D:3)
  A dart slug (D:1)
  14 orcs
  4 bats
  7 endoplasms
  5 giant cockroaches
  3 goblins
  2 hobgoblins (D:1)
  11 jackals
  4 quokkas
  3 ball pythons
  3 frilled lizards (D:1)
  6 kobolds
  2 rats
93 creatures vanquished.

Notes
Turn   | Place    | Note
-------+----------+-------------------------------------------
     0 | D:1      | Bamboolord the Formicid Hexslinger began the quest for the
                  | Orb.
     0 | D:1      | Reached XP level 1. HP: 15/15 MP: 2/2
   187 | D:1      | Reached XP level 2. HP: 21/21 MP: 3/3
   903 | D:2      | Reached XP level 3. HP: 26/26 MP: 4/4
   907 | D:2      | Learned a level 3 spell: Inner Flame
  1560 | D:3      | Reached skill level 3 in Ranged Weapons
  1601 | D:3      | Found a snail-covered altar of Cheibriados.
  1614 | D:3      | Noticed Sigmund
  1653 | D:3      | Killed Sigmund
  1654 | D:3      | Reached skill level 4 in Ranged Weapons
  1654 | D:3      | Reached skill level 1 in Fire Magic
  1654 | D:3      | Reached XP level 4. HP: 16/33 MP: 2/7
  1654 | D:3      | Reached XP level 5. HP: 19/38 MP: 2/8
  1654 | D:3      | Reached XP level 6. HP: 22/44 MP: 2/9
  1878 | D:3      | Learned a level 3 spell: Portal Projectile
  2391 | D:3      | Identified the +2 robe of the Arcane {Will+}
  3051 | D:4      | Found an iron altar of Okawaru.
  3173 | D:4      | Reached XP level 7. HP: 30/51 MP: 10/10
  3609 | D:4      | Reached skill level 5 in Ranged Weapons
  3911 | D:4      | Found a staircase to the Ecumenical Temple.
  4220 | D:5      | Entered Level 5 of the Dungeon
  4241 | D:5      | Reached skill level 1 in Translocations
  4277 | D:4      | HP: 2/51 [white imp/puff of frost (5)]
  4539 | D:5      | Reached skill level 5 in Hexes
  4539 | D:5      | Reached XP level 8. HP: 58/58 MP: 8/12
  4575 | D:5      | Noticed Blork the orc
  4605 | D:5      | Killed Blork the orc
  4606 | D:5      | Reached skill level 6 in Ranged Weapons
  5742 | Temple   | Entered the Ecumenical Temple
  6052 | D:6      | Noticed Duvessa
  6052 | D:6      | Noticed Dowan
  6296 | D:5      | Slain by an ice beast

Illustrated notes

Levels and vault maps discovered:
D:1:      spicycebolla_arrival_clurvy, layout_basic, dreamdust_wishing_well,
          chequers_arboretum
D:2:      layout_basic
D:3:      layout_loops_corners, mainiacjoe_overflow_surrounded_room,
          uniq_sigmund
D:4:      layout_basic, nicolae_overflow_hidden_temple,
          minmay_temple_entry_from_below_b, serial_glass, glass_columns_a,
          glass_columns_b, minmay_strange_pillars, due_unseen_surprise,
          minmay_strange_pillars, item_on_display_b
D:5:      layout_cave_pools, uniq_blork_the_orc
D:6:      layout_cave_pools, mainiacjoe_overflow_divided_tiny,
          nicolae_zen_rock_garden, uniq_duvessa
Temple:   hc_temple_tempest_star

Skill      XL: |  1  2  3  4  5  6  7  8 |
---------------+-------------------------+-----
Hexes          | 4 5 |  5.6
Ranged Weapons | 4 5 6 |  6.8
Fighting       | 2 3 |  3.7
Dodging        | 2 3 |  3.2
Spellcasting   | 2 3 |  3.3
Fire Magic     | 1 2 |  2.7
Translocations | 1 2 |  2.0

Action                     |  1- 3 |  4- 6 |  7- 9 || total
---------------------------+-------+-------+-------++-------
   Fire: Sling             |    97 |   131 |   270 ||   498
   Cast: Slow              |    15 |    36 |    41 ||    92
         Inner Flame       |       |       |    18 ||    18
Ability: Dig               |       |     1 |     1 ||     2
  Evoke: Wand              |     1 |     1 |     1 ||     3
    Use: Scroll            |     7 |     3 |     1 ||    11
         Potion            |     2 |       |     4 ||     6
 Armour: Robe              |    14 |    26 |    63 ||   103
         Skin              |       |       |     1 ||     1
  Dodge: Dodged            |    38 |    87 |   155 ||   280
